 Dungeon Sprint DCSS version 0.19-a0-994-g3c636f0 (webtiles) character file.

8800000 Arkorax the Axe Maniac (level 27, -2/323 HPs)
             Began as a Demonspawn Gladiator on July 16, 2016.
             Was the Champion of Makhleb.
             Killed by divine providence
             ... invoked by an accursed
              (13 damage)
             ... in the Dungeon (Sprint VIII: "Arena of Blood").
             The game lasted 00:04:32 (88 turns).

Arkorax the Axe Maniac (Demonspawn Gladiator)         Turns: 88, Time: 00:04:33

Health: -2/323     AC: 10    Str: 30    XL:     27
Magic:  54/54      EV: 40    Int: 11    God:    Makhleb [******]
Gold:   0          SH:  0    Dex: 21    Spells: 0 memorised, 80 levels left

rFire  . . .     SeeInvis .     l - +∞ Axe of Woe
rCold  + . .     Gourm    .     b - +0 leather armour
rNeg   . . .     Faith    .     (shield currently unavailable)
rPois  +         Spirit   .     (helmet unavailable)
rElec  .         Dismiss  .     (no cloak)
rCorr  .         Reflect  .     (no gloves)
SustAt .         Harm     .     (no boots)
MR     ++...     NoTele   +     (no amulet)
Stlth  ++++++++++               (no ring)
                                (no ring)

@: mighty, agile, marked, very resistant to hostile enchantments, uncannily
stealthy
A: horns 3, slimy green scales 3, cold resistance 1, icemail, powered by pain 3,
robust 3, freezing cloud immunity
a: Minor Destruction, Lesser Servant of Makhleb, Major Destruction, Greater
Servant of Makhleb, Renounce Religion


You were in the Dungeon.
You worshipped Makhleb.
Makhleb was exalted by your worship.
You were not hungry.

You visited 1 branch

Inventory:

Hand Weapons
 a - a +0 war axe
 l - the +∞ Axe of Woe (weapon)
   (You found it in the Dungeon)
Missiles
 d - 3 throwing nets (quivered)
Armour
 b - a +0 leather armour (worn)
 c - a +0 helmet
Scrolls
 k - a scroll of blinking
Potions
 e - a potion of curing
 g - a potion of heal wounds
 h - a potion of haste
 i - 2 potions of magic
 j - a potion of berserk rage
Comestibles
 f - a bread ration


   Skills:
 O Level 27 Fighting
 O Level 27 Axes
 O Level 27 Throwing
 O Level 27 Armour
 O Level 27 Dodging
 O Level 27 Stealth
 O Level 27 Unarmed Combat
 O Level 27 Spellcasting
 O Level 27 Invocations


You had 80 spell levels left.
You didn't know any spells.

Dungeon Overview and Level Annotations

Branches:
Dungeon (1/1)

Altars:
Makhleb


Innate Abilities, Weirdness & Mutations

You have a pair of large horns on your head.
You are completely covered in slimy green scales. (AC +4, rPois)
Your flesh is cold resistant. (rC+)
A meltable icy envelope protects you from harm. (AC +0)
You are powered by pain.
You are extremely robust. (+30% HP)
You are immune to freezing clouds.


Message History

You feel more agile all of a sudden.
The meat berserker convulses!
The bag of meat convulses! x3
The meat berserker convulses!
The bag of meat convulses! x2
The meat berserker convulses! x2; The bag of meat convulses! x2
The eight-headed meat hydra convulses!
The bag of meat convulses! x3
The meat beast bites you!!
* * * LOW HITPOINT WARNING * * *
The meat beast completely misses you.
The tyrant mumbles some strange words.
The tyrant seems to speed up.
The destroyer blinks!
The meat berserker hits you with a +9 battleaxe!!
* * * LOW HITPOINT WARNING * * *
The destroyer blinks!
Some corpses begin to drag themselves along the ground!
Some corpses meld into an agglomeration of writhing flesh!
The tyrant mumbles some strange words.
The bag of meat moves out of view.
The accursed gestures at you while chanting.
Something smites you!
You die... .. .M Lo ..... #o. ..o# #X. .W.# . 2###XX ..o###o.
XoX..o###OXoo.o OO.xLXxoDV.OM.. #X2Voo# #xx@Ox# #CXOx.# ...OOWoW_.O{oo.z

.o2..oC###.zooL.
.o###o. .oo###OV
. #.. .o.# L #..
...# ... ...Mo
.... ..


You could see 2 accurseds, a tentacled monstrosity, 3 meat beasts, 3 tyrants, an
eight-headed meat hydra, 2 destroyers, a sculptor of flesh, 2 large bags of
meat, 8 large abominations, 3 dreads, 8 meat berserkers, a small abomination, 26
bags of meat and 5 crawling corpses.

Vanquished Creatures
  Sigmund (D)
  10 hell beasts (D)
  5 greater mummies (D)
  A wraith (D)
  Harold (D)
  15 vampire knights (D)
  44 ogres (D)
  A lich (D)
  43 orcs (D)
  8 hill giants (D)
  6 skeletal warriors (D)
  5 large abominations (D)
  4 small abominations (D)
  14 crawling corpses (D)
158 creatures vanquished.

Vanquished Creatures (others)
  7 crawling corpses (D)
7 creatures vanquished.

Grand Total: 165 creatures vanquished

Notes
Turn   | Place    | Note
-------+----------+-------------------------------------------
     0 | D        | Arkorax the Demonspawn Gladiator began the quest for the Orb.
     0 | D        | Reached XP level 1. HP: 16/16 MP: 1/1
     2 | D        | Noticed a bag of meat
     3 | D        | Noticed a bag of meat
     3 | D        | Became a worshipper of Makhleb the Destroyer
     4 | D        | Noticed a meat berserker
     5 | D        | Noticed a meat berserker
     6 | D        | Noticed a meat berserker
     7 | D        | Noticed a bag of meat
     7 | D        | Noticed a meat berserker
     7 | D        | Killed a meat berserker
     7 | D        | Gained mutation: Your flesh is cold resistant. (rC+) [demonic ancestry]
     7 | D        | Reached XP level 2. HP: 39/39 MP: 2/2
     7 | D        | Gained mutation: You have a pair of small horns on your head. [demonic ancestry]
     7 | D        | Reached XP level 3. HP: 45/45 MP: 3/3
     7 | D        | Reached XP level 4. HP: 52/52 MP: 4/4
     7 | D        | Reached XP level 5. HP: 58/58 MP: 5/5
     7 | D        | Reached XP level 6. HP: 65/65 MP: 6/6
     7 | D        | Reached XP level 7. HP: 71/71 MP: 7/7
     7 | D        | Reached XP level 8. HP: 77/77 MP: 8/8
     7 | D        | Reached XP level 9. HP: 83/83 MP: 9/9
     7 | D        | Gained mutation: You have a pair of horns on your head. [demonic ancestry]
     7 | D        | Reached XP level 10. HP: 90/90 MP: 10/10
     7 | D        | Gained mutation: You sometimes gain a little power by taking damage. [demonic ancestry]
     7 | D        | Reached XP level 11. HP: 96/96 MP: 11/11
     7 | D        | Gained mutation: You have a pair of large horns on your head. [demonic ancestry]
     7 | D        | Reached XP level 12. HP: 103/103 MP: 12/12
     7 | D        | Gained mutation: You are partially covered in slimy green scales. (AC +2) [demonic ancestry]
     7 | D        | Reached XP level 13. HP: 109/109 MP: 13/13
     7 | D        | Killed a meat berserker
     7 | D        | Reached * piety under Makhleb
     7 | D        | Gained mutation: You are mostly covered in slimy green scales. (AC +3) [demonic ancestry]
     7 | D        | Reached XP level 14. HP: 121/121 MP: 14/14
     8 | D        | Noticed a bag of meat
     8 | D        | Killed a bag of meat
     8 | D        | Reached skill level 15 in Fighting
     9 | D        | Noticed a bag of meat
     9 | D        | Noticed a bag of meat
     9 | D        | Killed a meat berserker
     9 | D        | Reached ** piety under Makhleb
     9 | D        | Gained mutation: You sometimes gain power by taking damage. [demonic ancestry]
     9 | D        | Reached XP level 15. HP: 133/133 MP: 15/15
    10 | D        | Noticed a meat berserker
    11 | D        | Killed a meat berserker
    11 | D        | Reached *** piety under Makhleb
    11 | D        | Reached skill level 27 in Axes
    11 | D        | Reached skill level 15 in Throwing
    11 | D        | Reached XP level 16. HP: 145/145 MP: 16/16
    11 | D        | Reached skill level 27 in Dodging
    13 | D        | Killed a meat berserker
    13 | D        | Reached XP level 17. HP: 166/166 MP: 17/17
    15 | D        | Reached **** piety under Makhleb
    16 | D        | Reached skill level 27 in Fighting
    16 | D        | Reached skill level 5 in Armour
    18 | D        | Reached ***** piety under Makhleb
    18 | D        | Gained mutation: You are powered by pain. [demonic ancestry]
    18 | D        | Reached XP level 18. HP: 182/182 MP: 18/18
    19 | D        | Noticed a meat berserker
    19 | D        | Reached skill level 10 in Armour
    20 | D        | Reached skill level 27 in Throwing
    22 | D        | Reached XP level 19. HP: 189/189 MP: 19/19
    23 | D        | Noticed a destroyer
    23 | D        | Noticed a meat berserker
    24 | D        | Killed a meat berserker
    24 | D        | Killed a meat berserker
    24 | D        | Reached ****** piety under Makhleb
    24 | D        | Reached skill level 27 in Armour
    25 | D        | Killed a destroyer
    25 | D        | Gained mutation: You are immune to freezing clouds. [demonic ancestry]
    25 | D        | Reached XP level 20. HP: 197/197 MP: 19/36
    26 | D        | Noticed a meat berserker
    26 | D        | Reached skill level 15 in Stealth
    26 | D        | Reached skill level 15 in Unarmed Combat
    26 | D        | Reached skill level 15 in Spellcasting
    27 | D        | Noticed a meat berserker
    29 | D        | Noticed a destroyer
    29 | D        | Noticed a meat berserker
    29 | D        | Gained mutation: You are robust. (+10% HP) [demonic ancestry]
    29 | D        | Reached XP level 21. HP: 197/224 MP: 40/42
    31 | D        | Noticed a destroyer
    31 | D        | Noticed a destroyer
    31 | D        | Reached skill level 27 in Invocations
    32 | D        | Gained mutation: A meltable icy envelope protects you from harm. (AC +0) [demonic ancestry]
    32 | D        | Reached XP level 22. HP: 233/233 MP: 44/49
    33 | D        | Killed a destroyer
    33 | D        | Reached skill level 27 in Stealth
    33 | D        | Reached skill level 27 in Unarmed Combat
    33 | D        | Reached skill level 27 in Spellcasting
    33 | D        | Reached XP level 23. HP: 240/240 MP: 44/54
    34 | D        | Noticed The Servant
    34 | D        | Killed a destroyer
    35 | D        | Killed a destroyer
    36 | D        | Gained mutation: You are completely covered in slimy green scales. (AC +4, rPois) [demonic ancestry]
    36 | D        | Reached XP level 24. HP: 249/249 MP: 54/54
    43 | D        | Killed The Servant
    45 | D        | Gained mutation: You are very robust. (+20% HP) [demonic ancestry]
    45 | D        | Reached XP level 25. HP: 163/280 MP: 54/54
    47 | D        | Noticed a destroyer
    49 | D        | Noticed an accursed
    49 | D        | Noticed an accursed
    50 | D        | Reached XP level 26. HP: 290/290 MP: 54/54
    51 | D        | Noticed an accursed
    51 | D        | Noticed an accursed
    51 | D        | Noticed a tyrant
    52 | D        | Killed an accursed
    52 | D        | Killed a destroyer
    52 | D        | Gained mutation: You are extremely robust. (+30% HP) [demonic ancestry]
    52 | D        | Reached XP level 27. HP: 290/323 MP: 54/54
    56 | D        | Noticed an accursed
    56 | D        | Noticed a destroyer
    58 | D        | Killed an accursed
    59 | D        | Noticed a destroyer
    60 | D        | Noticed a meat beast
    61 | D        | Killed an accursed
    62 | D        | Killed a destroyer
    62 | D        | Killed a meat beast
    62 | D        | Killed an accursed
    63 | D        | Killed a destroyer
    64 | D        | Noticed a destroyer
    65 | D        | Noticed a meat beast
    66 | D        | Noticed The Captor
    66 | D        | Killed a tyrant
    67 | D        | Noticed a destroyer
    68 | D        | Noticed a destroyer
    69 | D        | Noticed a destroyer
    71 | D        | Noticed a destroyer
    71 | D        | Killed an accursed
    71 | D        | Killed a meat beast
    72 | D        | Noticed a meat beast
    72 | D        | Killed a destroyer
    73 | D        | Noticed a meat beast
    73 | D        | Killed The Captor
    73 | D        | Killed a meat beast
    74 | D        | Noticed a meat beast
    74 | D        | Noticed a meat beast
    74 | D        | Killed a destroyer
    75 | D        | Noticed a dread
    75 | D        | Noticed an accursed
    75 | D        | Killed a meat beast
    75 | D        | Killed a destroyer
    76 | D        | Noticed a meat beast
    76 | D        | Noticed a meat beast
    77 | D        | Noticed a tyrant
    77 | D        | Noticed a destroyer
    77 | D        | Noticed a destroyer
    77 | D        | Noticed a meat beast
    77 | D        | Noticed a tyrant
    77 | D        | Killed a meat beast
    77 | D        | Killed a destroyer
    78 | D        | Noticed a dread
    78 | D        | Killed a meat beast
    79 | D        | Killed a meat beast
    79 | D        | Killed a destroyer
    80 | D        | Noticed a meat beast
    80 | D        | Noticed a destroyer
    80 | D        | Killed a dread
    80 | D        | Killed a meat beast
    81 | D        | Noticed a destroyer
    81 | D        | Killed a destroyer
    82 | D        | Noticed a dread
    82 | D        | Noticed an accursed
    82 | D        | Killed a meat beast
    82 | D        | Killed a destroyer
    83 | D        | Noticed a dread
    83 | D        | Noticed a dread
    85 | D        | Noticed a meat beast
    85 | D        | Noticed a dread
    85 | D        | Killed a destroyer
    86 | D        | Noticed an accursed
    87 | D        | Noticed an accursed
    87 | D        | Noticed an accursed
    87 | D        | Noticed an accursed
    87 | D        | Killed a meat beast
    88 | D        | Noticed a tyrant
    88 | D        | Noticed a destroyer
    88 | D        | Noticed a meat beast
    88 | D        | Noticed an accursed
    88 | D        | Noticed a destroyer
    88 | D        | HP: 11/323 [meat berserker/+9 battleaxe (21)]
    88 | D        | Killed from afar by an accursed

Vault maps used:
D:        meatsprint

Skill      XL: |  1  2  3  4  5  6  7  8  9 10 11 12 13 14 15 16 17 18 19 20 21 22 |
---------------+-------------------------------------------------------------------+-----
Fighting       | 12 14 16 18 24 27 | 27.0
Axes           | 18 21 24 27 | 27.0
Throwing       | 11 12 14 15 20 24 27 | 27.0
Dodging        | 18 21 24 26 27 | 27.0
Armour         | 8 21 27 | 27.0
Stealth        | 13 18 25 27 | 27.0
Unarmed Combat | 12 17 23 27 | 27.0
Spellcasting   | 12 17 23 27 | 27.0
Invocations    | 17 23 27 | 27.0

Action                   |  1- 3 |  4- 6 |  7- 9 | 10-12 | 13-15 | 16-18 | 19-21 | 22-24 | 25-27 || total
-------------------------+-------+-------+-------+-------+-------+-------+-------+-------+-------++-------
Melee: Executioner's axe |     1 |       |       |       |     3 |     8 |     8 |     9 |    36 ||    65
Armor: Leather armour    |       |       |       |       |       |       |       |       |     1 ||     1
Dodge: Dodged            |       |       |       |       |       |       |       |       |     5 ||     5
